 Dungeon Sprint DCSS version 0.26-a0-695-g987792ac36 (webtiles) character file.

Game seed: 1999883965843799705

68936 sahdkjhfkaj the Bludgeoner (level 15, -5/141 HPs)
             Began as a Formicid Fighter on Oct 25, 2020.
             Was the Champion of Makhleb.
             Slain by Nigeta the pandemonium lord (12 damage)
             ... in the Dungeon (Sprint V: "Ziggurat Sprint").
             The game lasted 00:07:57 (1414 turns).

sahdkjhfkaj the Bludgeoner (Formicid Fighter)       Turns: 1414, Time: 00:07:57

Health: -5/141     AC: 33    Str: 39    XL:     15   Next: 72%
Magic:  15/15      EV: 11    Int:  8    God:    Makhleb [******]
Gold:   0          SH: 33    Dex: 10    Spells: 14/14 levels left

rFire    + + .     SeeInvis +   D - +7 great mace "Firestarter" {inner flame, rF++}
rCold    . . .     Faith    .   a - +18 shield of the Gong {rElec rN+ MR+ EV-5}
rNeg     + . .     Spirit   .   c - +15 Maxwell's patent armour {-Cast -Tele rElec MR+ rCorr}
rPois    .         Reflect  .   (helmet unavailable)
rElec    +         Harm     .   (no cloak)
rCorr    +         Rampage  .   (no gloves)
MR       +++..     NoCast   +   (no boots)
Stlth    ..........             (no amulet)
HPRegen  0.33/turn              x - +6 ring of strength
MPRegen  0.14/turn              y - +6 ring of strength

@: heavily contaminated, glowing, studying Necromancy, silenced, lightly drained
A: permanent stasis, dig shafts and tunnels, four strong arms, antennae 3
a: Dig, Renounce Religion


You were in the Dungeon.
You worshipped Makhleb.
Makhleb was exalted by your worship.
You visited 1 branch

Inventory:

Hand Weapons
 D - the +7 great mace "Firestarter" (weapon) {inner flame, rF++}
   (You found it in the Dungeon)

   It has been specially enchanted to burn those struck by it, causing extra
   injury to most foes and up to half again as much damage against particularly
   susceptible opponents.
   It greatly protects you from fire.
Armour
 a - the +18 shield of the Gong (worn) {rElec rN+ MR+ EV-5}
   (You found it in the Dungeon)

   It affects your evasion (-5).
   It insulates you from electricity.
   It protects you from negative energy.
   It affects your resistance to hostile enchantments.
 c - the +15 Maxwell's patent armour (worn) {-Cast -Tele rElec MR+ rCorr}
   (You found it in the Dungeon)

   It insulates you from electricity.
   It affects your resistance to hostile enchantments.
   It prevents spellcasting.
   It prevents most forms of teleportation.
   It provides partial protection from all sources of acid and corrosion.
Jewellery
 s - an uncursed ring of flight
 t - a +6 ring of dexterity
 u - a +6 ring of dexterity
 v - a +6 ring of intelligence
 w - a +6 ring of intelligence
 x - a +6 ring of strength (left hand)
 y - a +6 ring of strength (right hand)
Wands
 z - a wand of disintegration (7)
 A - a wand of iceblast (5)
 B - a wand of acid (7)
Scrolls
 m - 4 scrolls of amnesia {!r}
 n - 7 scrolls of fog {!r}
 o - a scroll of holy word {!r}
 p - 5 scrolls of identify {!r}
 q - 5 scrolls of remove curse {!r}
 r - 2 scrolls of fear {!r}
Potions
 d - 5 potions of might {!q}
 e - 9 potions of curing {!q}
 f - 9 potions of heal wounds {!q}
 g - 7 potions of magic {!q}
 h - 2 potions of brilliance {!q}
 i - 2 potions of invisibility {!q}
 j - 4 potions of resistance {!q}
 l - 5 potions of stabbing {!q}
Books
 k - a manual of Necromancy
Miscellaneous
 b - a condenser vane (1/2)
 C - a lightning rod (4/4)
 E - a phantom mirror


   Skills:
 + Level 19.6(19.4) Fighting
 - Level 20.0(19.7) Maces & Flails
 + Level 19.6(19.4) Armour
 + Level 16.8(16.6) Dodging
 - Level 15.0(14.7) Shields
 + Level 16.6(16.4) Evocations


You had 14 spell levels left.
You didn't know any spells.
Your spell library contained the following spells:

 Spells                   Type           Power        Failure   Level
 Corpse Rot               Necr/Air       N/A          90%         2
 Sublimation of Blood     Necr           #.........   90%         2
 Dispel Undead            Necr           #.......     100%        4
 Agony                    Necr           #.......     100%        5
 Excruciating Wounds      Necr           #.........   100%        5


Dungeon Overview and Level Annotations

Branches:
Dungeon (1/1)

Altars:
Ashenzari
Cheibriados
Dithmenos
Elyvilon
Fedhas
Gozag
Hepliaklqana
Kikubaaqudgha
Makhleb
Nemelex Xobeh
Okawaru
Qazlal
Ru
Sif Muna
Trog
Uskayaw
Vehumet
Wu Jian
Xom
Yredelemnul
Zin
The Shining One
Beogh
Jiyva
Lugonu


Innate Abilities, Weirdness & Mutations

You cannot be hasted, slowed, berserked, paralysed or teleported.
You can dig through walls and to a lower floor.
Your four strong arms can wield two-handed weapons with a shield.
You have a pair of large antennae on your head. (SInv)


Message History

Unknown command.
Unknown command.
Unknown command.
Unknown command.
Unknown command.
Unknown command.
Unknown command.
Unknown command.
Unknown command.
You hit Caerin but do no damage.
Caerin is lightly wounded.
You are engulfed in mutagenic fog.
The mutagenic energy flows into you. You block Jiets's attack.
You block Tumobbyism's attack.
Cemeocweff is engulfed in seething chaos.
Caerin is engulfed in blazing flames.
Flame seeps out of Caerin.
Caerin hits you but does no damage. Space bends around you.
* * * LOW HITPOINT WARNING * * *
Nigeta hits you!
You die...

▓........ ........§§§.§
▓..▓..... ...§.§.§§§.
▓........ .§§......
▓........ §§§§3.§
▓......©. . ▓▓§§&.§▓▓
.▓▓▓▓▓▓▓▓▓
...▓§&4§&).▓...▓.....8©8
....§§&&&§.§...▓.[):)}:!
.....&&@&○§....▓..[}})|)
▓▓▓▓▓▓▓▓▓▓▓▓▓▓▓▓........
▓........


{{{{{{{{{{{ ▓........ {{{{{{{{{{{ ▓........ {{{{{{{ ▓........ ▓........
▓..▓..... ▓........ You could see Caerin (inner flame, invisible, misshapen),
Cemeocweff (strong, misshapen), Goni (misshapen), Jiets (misshapen), Nigeta
(misshapen, corroded), Nysu (clouds), Orimm (clouds, misshapen), Tuguoz (agile,
invisible, misshapen), Tumobbyism (silencing, clouds, misshapen), a hellwing
(summoned) and a neqoxec (summoned).

Vanquished Creatures
  2 ancient liches (D)
  A bone dragon (D)
  An Orb Guardian (D)
  A quicksilver dragon (D)
  2 acid blobs (D)
  An azure jelly (D)
  3 green draconians (D)
  3 black draconians (D)
  A red draconian (D)
  A purple draconian (D)
  2 yellow draconians (D)
  A white draconian (D)
  3 death oozes (D)
  A merfolk impaler (D)
  3 merfolk javelineers (D)
  A fire dragon (D)
  2 ice dragons (D)
  A great orb of eyes (D)
  6 hydras (D)
  2 merfolk aquamancers (D)
  2 dancing weapons (D)
  A wretched star (D)
  A sixfirhy (D)
  3 sea snakes (D)
  2 skeletal warriors (D)
  A swamp dragon (D)
  A glowing orange brain (D)
  A necromancer (D)
  An orc sorcerer (D)
  2 deep elf magi (D)
  A cyclops (D)
  A moth of wrath (D)
  A manticore (shapeshifter) (D)
  A merfolk siren (D)
  2 eyes of devastation (D)
  A black mamba (shapeshifter) (D)
  A smoke demon (D)
  3 rime drakes (D)
  2 cane toads (D)
  A hellion (D)
  A tormentor (D)
  4 komodo dragons (D)
  6 merfolk (D)
  A red devil (D)
  A hornet (shapeshifter) (D)
  A polar bear (D)
  6 slime creatures (D)
  3 wind drakes (D)
  A blink frog (D)
  A snapping turtle (D)
  2 wraiths (D)
  A vampire (D)
  2 shadows (D)
  A spriggan (shapeshifter) (D)
  A water elemental (D)
  2 wyverns (D)
  2 yaks (D)
  A basilisk (D)
  A basilisk (shapeshifter) (D)
  3 steam dragons (D)
  A neqoxec (D)
  3 nagas (D)
  A water moccasin (shapeshifter) (D)
  4 water moccasins (D)
  2 acid dragons (D)
  A hell hound (D)
  2 floating eyes (D)
  3 swamp drakes (D)
  4 phantoms (D)
  6 necrophages (D)
  A centaur (D)
  An eye of draining (D)
  4 bullfrogs (D)
  A small abomination (D)
  4 wights (D)
  A crimson imp (D)
  3 quasits (D)
  3 jellies (D)
  3 orc priests (D)
  An iron imp (D)
  5 orc wizards (D)
  2 adders (D)
  A white imp (D)
  6 oozes (D)
  2 adder skeletons (D)
  4 orcs (D)
  A bat skeleton (D)
  A bat zombie (D)
  A ball python (D)
  2 giant cockroach zombies (D)
  A jackal zombie (D)
  A leopard gecko zombie (D)
  A quokka zombie (D)
185 creatures vanquished.

Vanquished Creatures (others)
  A Brimstone Fiend (D)
  A reaper (D)
  6 pandemonium lords (D)
  A blizzard demon (D)
  A green death (D)
  2 merfolk aquamancers (D)
  2 sixfirhies (D)
  A ynoxinul (D)
  A chaos spawn (D)
  A hell rat (D)
17 creatures vanquished.

Grand Total: 202 creatures vanquished

Notes
Turn   | Place    | Note
-------+----------+-------------------------------------------
     0 | D        | sahdkjhfkaj the Formicid Fighter began the quest for the
                  | Orb.
     0 | D        | Reached XP level 1. HP: 18/18 MP: 1/1
     0 | D        | Found a shimmering blue altar of Sif Muna.
     0 | D        | Found a sacrificial altar of Ru.
     0 | D        | Found a bloodstained altar of Trog.
     0 | D        | Found a stormy altar of Qazlal.
     0 | D        | Found an iron altar of Okawaru.
     0 | D        | Found a sparkling altar of Nemelex Xobeh.
     0 | D        | Found a blossoming altar of Fedhas.
     0 | D        | Banished a spatial maelstrom
     1 | D        | Found the +6 Majin-Bo {vamp, MP+6 Int+6}
     1 | D        | Found the +9 heavy crossbow "Sniper" {vorpal, Acc+∞ SInv}
     1 | D        | Found the +10 dark maul {vorpal}
     1 | D        | Found the +15 Maxwell's patent armour {-Cast -Tele rElec
                  | MR+ rCorr}
     1 | D        | Found the +18 shield of the Gong {rElec rN+ MR+ EV-5}
     1 | D        | Found the cursed +14 obsidian axe {vorpal, +Fly SInv
                  | *Curse}
     1 | D        | Found the +7 great mace "Firestarter" {inner flame, rF++}
     1 | D        | Found the +6 shillelagh "Devastator" {shatter}
     1 | D        | Found the +11 plutonium sword {*Contam Stlth-}
     1 | D        | Found the +8 lance "Wyrmbane" {slay drac, rPois rF+ rC+
                  | AC+3}
     1 | D        | Found the +9 sword of Zonguldrok {reap}
     1 | D        | Found the cursed +13 scythe of Curses {drain, *Curse}
     1 | D        | Found the +0 sword of Power
     1 | D        | Found the +7 mace of Variability {chain chaos}
     1 | D        | Found the +7 Singing Sword {vorpal, sonic wave}
     1 | D        | Found the +8 storm bow {elec, penet}
     2 | D        | Found a transporter.
     2 | D        | Found an ancient bone altar of Kikubaaqudgha.
     2 | D        | Found a viscous altar of Jiyva.
     2 | D        | Found a corrupted altar of Lugonu.
     2 | D        | Found a hazy altar of Hepliaklqana.
     2 | D        | Found a burning altar of Makhleb.
     2 | D        | Found an opulent altar of Gozag.
     5 | D        | Banished a spatial maelstrom
    16 | D        | Banished a spatial maelstrom
    39 | D        | Killed a sixfirhy
    52 | D        | Became a worshipper of Makhleb the Destroyer
    89 | D        | Entered arena 2.
    89 | D        | Noticed a water elemental
    89 | D        | Noticed a deep elf mage
    89 | D        | Found a transporter.
    90 | D        | Reached skill level 7 in Maces & Flails
    90 | D        | Reached XP level 2. HP: 24/24 MP: 2/2
    92 | D        | Killed a deep elf mage
    92 | D        | Reached skill level 10 in Maces & Flails
    92 | D        | Reached XP level 3. HP: 23/34 MP: 3/3
    92 | D        | Reached XP level 4. HP: 27/40 MP: 4/4
    92 | D        | Reached XP level 5. HP: 31/46 MP: 5/5
    92 | D        | Reached XP level 6. HP: 35/52 MP: 6/6
    92 | D        | Reached XP level 7. HP: 40/58 MP: 7/7
    93 | D        | Killed a water elemental
   100 | D        | Killed a sixfirhy
   104 | D        | Killed a chaos spawn
   143 | D        | Killed Tepeimaq the pandemonium lord
   195 | D        | Entered arena 3.
   195 | D        | Found a transporter.
   198 | D        | Reached * piety under Makhleb
   198 | D        | Reached skill level 1 in Evocations
   198 | D        | Killed a green death
   202 | D        | Reached skill level 11 in Maces & Flails
   202 | D        | Reached skill level 5 in Dodging
   202 | D        | Reached skill level 10 in Shields
   202 | D        | Reached XP level 8. HP: 65/65 MP: 8/8
   210 | D        | Entered arena 4.
   210 | D        | Noticed a +0 broad axe of flaming
   210 | D        | Noticed a +1 vorpal dire flail
   210 | D        | Noticed a deep elf mage
   210 | D        | Noticed an orc sorcerer
   210 | D        | Found a transporter.
   213 | D        | Killed an orc sorcerer
   213 | D        | Reached ** piety under Makhleb
   214 | D        | Killed a deep elf mage
   214 | D        | Reached skill level 12 in Maces & Flails
   214 | D        | Reached XP level 9. HP: 74/74 MP: 9/9
   215 | D        | Killed a +1 vorpal dire flail
   215 | D        | Reached skill level 5 in Evocations
   219 | D        | Killed a +0 broad axe of flaming
   219 | D        | Reached *** piety under Makhleb
   219 | D        | Reached XP level 10. HP: 60/82 MP: 10/10
   278 | D        | Killed a reaper
   280 | D        | Killed a Brimstone Fiend
   283 | D        | Entered arena 5.
   283 | D        | Found a transporter.
   286 | D        | Reached skill level 13 in Maces & Flails
   295 | D        | Reached **** piety under Makhleb
   301 | D        | Entered arena 6.
   301 | D        | Found a transporter.
   308 | D        | Reached ***** piety under Makhleb
   314 | D        | Entered arena 7.
   315 | D        | Found a transporter.
   324 | D        | Killed Yjiasut the pandemonium lord
   333 | D        | Entered arena 8.
   333 | D        | Noticed an orb spider
   333 | D        | Noticed a black mamba
   333 | D        | Noticed a salamander
   334 | D        | Found a transporter.
   337 | D        | Killed a black mamba
   342 | D        | Noticed a manticore
   342 | D        | a salamander changed into a manticore
   345 | D        | Killed a manticore
   345 | D        | Reached ****** piety under Makhleb
   347 | D        | an orb spider changed into a spriggan
   380 | D        | Entered arena 9.
   381 | D        | Found a transporter.
   404 | D        | Entered arena 10.
   405 | D        | Found a transporter.
   407 | D        | Reached skill level 10 in Armour
   408 | D        | Reached skill level 10 in Fighting
   408 | D        | Reached skill level 14 in Maces & Flails
   415 | D        | Reached XP level 11. HP: 83/90 MP: 11/11
   427 | D        | Entered arena 11.
   427 | D        | Noticed a cyclops
   428 | D        | Found the +3 robe of Folly {Archmagi, MR-- Int+5}
   428 | D        | Found a transporter.
   441 | D        | Reached skill level 15 in Shields
   454 | D        | Killed a cyclops
   478 | D        | Killed Vigaroal the pandemonium lord
   487 | D        | Entered arena 12.
   487 | D        | Noticed a death ooze
   487 | D        | Noticed an azure jelly
   487 | D        | Noticed an acid blob
   487 | D        | Noticed a glowing orange brain
   488 | D        | Noticed a great orb of eyes
   489 | D        | Found a transporter.
   491 | D        | Killed a death ooze
   491 | D        | Reached skill level 15 in Maces & Flails
   494 | D        | Killed an acid blob
   495 | D        | Killed an azure jelly
   495 | D        | Reached skill level 10 in Evocations
   495 | D        | Reached XP level 12. HP: 93/102 MP: 12/12
   496 | D        | Killed a glowing orange brain
   496 | D        | Reached skill level 16 in Maces & Flails
   504 | D        | Reached skill level 10 in Dodging
   504 | D        | Killed a great orb of eyes
   513 | D        | Entered arena 13.
   514 | D        | Identified the +3 ring mail of Levity {MR- Str+8}
   514 | D        | Noticed a skeletal warrior
   515 | D        | Found a transporter.
   528 | D        | Killed a skeletal warrior
   640 | D        | Got the ring of Attitude {*Contam +Inv rC+ MR+ SInv}
   644 | D        | Killed Tupus the pandemonium lord
   677 | D        | Killed a blizzard demon
   712 | D        | Entered arena 14.
   713 | D        | Noticed a skeletal warrior
   713 | D        | Noticed an ancient lich
   713 | D        | Noticed an ancient lich
   726 | D        | Noticed a shadow wraith
   729 | D        | Killed an ancient lich
   729 | D        | Reached skill level 18 in Maces & Flails
   729 | D        | Reached XP level 13. HP: 88/113 MP: 13/13
   734 | D        | Killed an ancient lich
   734 | D        | Reached skill level 19 in Maces & Flails
   738 | D        | Reached skill level 15 in Fighting
   738 | D        | Reached skill level 15 in Armour
   772 | D        | Found a transporter.
   780 | D        | Entered arena 15.
   781 | D        | Noticed a bone dragon
   784 | D        | Found a transporter.
   799 | D        | Killed a bone dragon
   799 | D        | Reached skill level 20 in Maces & Flails
   799 | D        | Reached XP level 14. HP: 123/123 MP: 14/14
   808 | D        | Entered arena 16.
   809 | D        | Noticed a green draconian
   809 | D        | Noticed a yellow draconian
   809 | D        | Noticed a green draconian
   809 | D        | Noticed a black draconian
   809 | D        | Noticed a red draconian
   809 | D        | Noticed a quicksilver dragon
   809 | D        | Noticed a purple draconian
   810 | D        | Found the +4 robe of Augmentation {Str+4 Int+4 Dex+4}
   810 | D        | Found the +4 moon troll leather armour {Spirit, Regen++
                  | MP+5}
   810 | D        | Noticed a black draconian
   810 | D        | Identified the ring of Xaureibe {rC+ Dex+6 Slay+2 Stlth+}
   810 | D        | Noticed a black draconian
   810 | D        | Noticed a white draconian
   810 | D        | Noticed a yellow draconian
   810 | D        | Noticed an Orb Guardian
   810 | D        | Noticed a green draconian
   811 | D        | Found a transporter.
   819 | D        | Killed a quicksilver dragon
   821 | D        | Killed a black draconian
   821 | D        | Killed a black draconian
   826 | D        | Killed a green draconian
   826 | D        | Killed a black draconian
   826 | D        | Killed a yellow draconian
   826 | D        | Killed an Orb Guardian
   826 | D        | Killed a green draconian
   827 | D        | Killed a green draconian
   828 | D        | Killed a purple draconian
   829 | D        | Killed a white draconian
   833 | D        | Killed a red draconian
   840 | D        | Killed a yellow draconian
   912 | D        | Entered arena 17.
   918 | D        | Found a transporter.
   924 | D        | Reached skill level 15 in Dodging
   926 | D        | Reached XP level 15. HP: 130/136 MP: 15/15
   978 | D        | Killed Elifulam the pandemonium lord
  1021 | D        | Entered arena 18.
  1026 | D        | Found a transporter.
  1106 | D        | Entered arena 19.
  1110 | D        | Noticed an acid blob
  1111 | D        | Found a transporter.
  1117 | D        | Reached skill level 15 in Evocations
  1127 | D        | Killed an acid blob
  1192 | D        | Killed Kucik the pandemonium lord
  1235 | D        | Entered arena 20.
  1242 | D        | Found a transporter.
  1399 | D        | Entered arena 21.
  1399 | D        | Noticed Nigeta the pandemonium lord
  1399 | D        | Noticed Caerin the pandemonium lord
  1399 | D        | Noticed Tumobbyism the pandemonium lord
  1399 | D        | Noticed Cemeocweff the pandemonium lord
  1399 | D        | Noticed Nysu the pandemonium lord
  1399 | D        | Noticed Orimm the pandemonium lord
  1405 | D        | Noticed Tuguoz the pandemonium lord
  1406 | D        | Noticed Goni the pandemonium lord
  1407 | D        | Noticed Jiets the pandemonium lord
  1414 | D        | HP: 7/141 [Caerin the pandemonium lord (4)]
  1414 | D        | Slain by Nigeta the pandemonium lord

Illustrated notes

Levels and vault maps discovered:
D:        sprint_v [room_start, room_1, room_2, room_3, room_4, room_5, room_6,
          room_7, room_8, room_9, room_10, room_11, room_12, room_13, room_14,
          room_15, room_16, room_17, room_18, room_19, room_20, room_21,
          room_22, room_23, room_24, room_25, room_26, room_27]

Skill      XL: |  1  2  3  4  5  6  7  8  9 10 11 12 13 14 15 |
---------------+----------------------------------------------+-----
Maces & Flails | 7 10 11 12 14 15 18 20 | 20.0
Fighting       | 6 7 8 10 11 14 15 17 19 | 19.6
Armour         | 6 7 8 9 10 11 14 15 17 19 | 19.6
Dodging        | 4 5 6 8 9 11 13 15 16 | 16.8
Shields        | 8 10 11 13 14 15 | 15.0
Evocations     | 1 4 6 7 10 14 16 | 16.6

Action                   |  1- 3 |  4- 6 |  7- 9 | 10-12 | 13-15 || total
-------------------------+-------+-------+-------+-------+-------++-------
Melee: Great mace        |     2 |       |    15 |   111 |    92 ||   220
Evoke: Wand              |       |       |       |     2 |       ||     2
       Condenser vane    |       |       |       |     1 |     6 ||     7
  Use: Potion            |     1 |       |       |       |     7 ||     8
Armor: Plate armour      |       |       |     4 |    70 |   131 ||   205
Dodge: Dodged            |       |       |       |    28 |    80 ||   108
Block: Kite shield       |     2 |       |    21 |   217 |   244 ||   484

Table legend: (Time is in decaauts)
 A = Elapsed time spent in this place.
 B = Non-inter-level travel time spent in this place.
 C = Inter-level travel time spent in this place.
 D = Time resting spent in this place.
 E = Time spent auto-exploring this place.
 F = Levels seen in this place.
 G = Mean time per level.
                   A        B        C        D        E       F      G
               +--------+--------+--------+--------+--------+-----+--------+
         Total |   1388 |   1388 |      0 |    825 |     19 |   1 | 1388.0 |
       Dungeon |   1388 |   1388 |      0 |    825 |     19 |   1 | 1388.0 |
               +--------+--------+--------+--------+--------+-----+--------+

Top non-repeatable levels by time:
       D: 1388 daAuts
